 Dungeon Crawl Stone Soup version 0.17-a0-1900-g45e8110 (webtiles) character file.

1993 derrpe the Slicer (level 9, 55/55 HPs)
             Began as a Kobold Berserker on Sept 25, 2015.
             Was a Priest of Trog.
             Quit the game on level 6 of the Dungeon.
             The game lasted 00:12:15 (6942 turns).

derrpe the Slicer (Kobold Berserker)                Turns: 6942, Time: 00:12:15

Health: 55/55      AC: 12    Str: 17    XL:     9   Next: 45%
Magic:  12/12      EV: 15    Int:  5    God:    Trog [***...]
Gold:   369        SH:  0    Dex: 20    Spells: 0 memorised, 8 levels left

rFire  . . .     SeeInvis .     a - +1 short sword
rCold  . . .     Clarity  .     y - +0 plate armour
rNeg   + . .     SustAt   .     (shield restricted)
rPois  .         Gourm    .     (no helmet)
rElec  .         Spirit   .     (no cloak)
rCorr  .         Warding  .     u - +0 pair of gloves
rMut   .         Stasis   .     (no boots)
MR     .....                    (no amulet)
Stlth  ..........               s - ring of positive energy
                                m - ring of flight

@: agile, very slightly contaminated, hasted, very quick, not resistant to
hostile enchantments, extremely unstealthy
A: talons 1, iridescent scales 1, blurry vision 1, carnivore 3, deformed body,
deterioration 1, weak 1
a: Burn Spellbooks, Berserk, Trog's Hand, Renounce Religion, Evoke Flight


You were on level 6 of the Dungeon.
You worshipped Trog.
Trog was most pleased with you.
You were very full.

You visited 1 branch of the dungeon, and saw 6 of its levels.

You collected 369 gold pieces.

Inventory:

Hand weapons
 a - a +1 short sword (weapon)
 D - a cursed -1 whip
 F - a +0 blowgun
Missiles
 t - a throwing net (quivered)
 E - 10 poisoned needles
Armour
 u - a +0 pair of gloves (worn)
 y - a +0 plate armour (worn)
Jewellery
 k - an uncursed amulet of resist mutation
 m - a ring of flight (left hand)
 s - a ring of positive energy (right hand)
Magical devices
 h - a wand of draining (7)
Scrolls
 g - a scroll of immolation
 j - 3 scrolls of remove curse
 q - a scroll of teleportation
 v - 2 scrolls of blinking
 w - 2 scrolls of recharging
Potions
 d - 3 potions of curing
 o - a potion of resistance
 r - a potion of brilliance
 x - a potion of degeneration
 z - a potion of heal wounds
 A - a potion of cancellation
Comestibles
 b - 2 slices of pizza
 c - 5 meat rations {@e2}
 f - a royal jelly


   Skills:
 + Level 6.3 Fighting
 * Level 10.2 Short Blades
 + Level 4.2 Armour
 - Level 5.0 Dodging
 - Level 2.6 Stealth
 + Level 5.2 Evocations


You had 8 spell levels left.
You didn't know any spells.

Dungeon Overview and Level Annotations

Branches:
Dungeon (6/15)             Temple (0/1) D:4

Altars:
Ashenzari
Okawaru
Qazlal
Vehumet
Xom


Innate Abilities, Weirdness & Mutations

You are small and have problems with some larger weapons.
You are carnivorous and can eat meat at any time.
You have sharp toenails.
You are partially covered in iridescent scales (AC +4).
Scrolls take you a little longer to read.
Armour fits poorly on your strangely shaped body.
Your body sometimes deteriorates upon taking damage.
You are weak. (Str -2)


Message History

You start waiting.
Your magical contamination has completely faded away.
You hear the slow rusting of a distant drain.
You now have 369 gold pieces (gained 5).
c - 5 meat rations {@e2} (gained 1)
Found a runed flail.
h - a wand of draining Drink which item? (? for menu, Esc to quit)
It was a potion of haste.
You feel yourself speed up.
You are very lightly contaminated with residual magic.
Drink which item? (? for menu, Esc to quit)
It was a potion of agility.
You feel agile all of a sudden.
Drink which item? (? for menu, Esc to quit)
Iridescent scales grow over part of your body.
You feel fantastic!
Unknown command.
Drink which item? (? for menu, Esc to quit)
Okay, then.
Are you sure you want to abandon this character and quit the game? (Confirm with "yes".)

## ##. .. #.######
#...#.. #... .#
#..##.## #@....#
###.#...# #.# .####
####.### ...##
#......### #..#
#........####.#####
##................#
#..#.##.....##.##..
##....###......###.


There were no monsters in sight!

Vanquished Creatures
  The ghost of derrpe the Firebug, an experienced OgFE (D:4)
  The ghost of dpvblackbelt the Cruncher, an average MiGl of Makhleb (D:5)
  Edmund (D:4)
  4 ogres
  A sky beast (D:6)
  2 centaurs (D:5)
  A big kobold (D:5)
  A crimson imp (D:5)
  A hound (D:4)
  7 orc priests
  3 orc wizards (D:5)
  A centaur skeleton (D:4)
  2 iguanas (D:5)
  A hound skeleton (D:5)
  7 gnolls
  6 adders
  An adder skeleton (D:4)
  5 worms
  15 orcs
  A ball python (D:3)
  A giant cockroach (D:4)
  3 goblins (D:2)
  14 hobgoblins
  8 jackals
  2 quokkas
  A ball python skeleton (D:4)
  10 bats
  5 giant geckos
  2 giant gecko skeletons (D:6)
  8 giant newts
  11 kobolds
  A quokka skeleton (D:4)
  8 rats
136 creatures vanquished.

Notes
Turn   | Place    | Note
--------------------------------------------------------------
     0 | D:1      | derrpe the Kobold Berserker began the quest for the Orb.
     0 | D:1      | Reached XP level 1. HP: 14/14 MP: 1/1
   134 | D:1      | Reached XP level 2. HP: 8/19 MP: 2/2
   759 | D:1      | Reached XP level 3. HP: 16/23 MP: 3/3
  1311 | D:2      | Found a faded altar to an unknown god.
  1406 | D:2      | Acquired Trog's second power
  1406 | D:2      | Reached skill level 1 in Stealth
  1942 | D:2      | Reached XP level 4. HP: 21/29 MP: 4/4
  2242 | D:2      | Found a radiant altar of Vehumet.
  2406 | D:2      | Found a stormy altar of Qazlal.
  2408 | D:2      | Found an iron altar of Okawaru.
  2907 | D:3      | Reached skill level 5 in Short Blades
  2981 | D:3      | Reached XP level 5. HP: 15/33 MP: 5/5
  3602 | D:3      | Reached XP level 6. HP: 33/38 MP: 6/6
  3910 | D:3      | Found a shattered altar of Ashenzari.
  4144 | D:4      | Noticed Edmund
  4154 | D:4      | Killed Edmund
  4154 | D:4      | Reached skill level 6 in Short Blades
  4154 | D:4      | Reached skill level 1 in Evocations
  4233 | D:4      | Noticed derrpe's ghost (experienced OgFE)
  4250 | D:4      | Killed derrpe's ghost
  4250 | D:4      | Reached skill level 7 in Short Blades
  4250 | D:4      | Reached XP level 7. HP: 44/44 MP: 6/8
  4814 | D:4      | Found a staircase to the Ecumenical Temple.
  4991 | D:4      | Reached skill level 5 in Fighting
  4991 | D:4      | Reached XP level 8. HP: 49/49 MP: 9/9
  5013 | D:4      | Reached skill level 5 in Dodging
  5122 | D:4      | Found a shimmering altar of Xom.
  5381 | D:5      | Entered Level 5 of the Dungeon
  5601 | D:5      | Reached skill level 8 in Short Blades
  5816 | D:5      | Reached skill level 9 in Short Blades
  6029 | D:5      | Reached XP level 9. HP: 55/55 MP: 12/12
  6420 | D:5      | Noticed dpvblackbelt's ghost (average MiGl)
  6434 | D:5      | Killed dpvblackbelt's ghost
  6626 | D:5      | Reached skill level 10 in Short Blades
  6626 | D:5      | Reached skill level 5 in Evocations
  6863 | D:6      | Gained mutation: Armour fits poorly on your strangely shaped body. [mutagenic meat]
  6864 | D:6      | Gained mutation: You have sharp toenails. [mutagenic meat]
  6865 | D:6      | Gained mutation: Your body sometimes deteriorates upon taking damage. [mutagenic meat]
  6866 | D:6      | Gained mutation: Scrolls take you a little longer to read. [mutagenic meat]
  6867 | D:6      | Gained mutation: You are weak. (Str -2) [mutagenic meat]
  6941 | D:6      | Gained mutation: You are partially covered in iridescent scales (AC +4). [potion of beneficial mutation]
  6942 | D:6      | Quit the game

Vault maps used:
D:1:      dpeg_arrival_rhombi
D:2:      vehumet_crystals, nicolae_overflow_hidden_temple, ecumenical_altar_1,
          guppyfry_early_orc_mine
D:3:      lemuel_doored_altar, grunt_ministairs_2
D:4:      kennysheep_mini_moat, minmay_temple_entry_statues_pillars,
          first_bread, nicolae_underground_beach, uniq_edmund
D:6:      portal_sewer_entry_f

Action                   |  1- 3 |  4- 6 |  7- 9 || total
-------------------------+-------+-------+-------++-------
Melee: Short sword       |   166 |   296 |   307 ||   769
Invok: Berserk           |       |     4 |     8 ||    12
       Trog's Hand       |       |     1 |     2 ||     3
  Use: Scroll            |       |       |    16 ||    16
       Potion            |       |       |     3 ||     3
  Eat: Chunk             |    12 |     9 |    24 ||    45
